 Dungeon Crawl Stone Soup version 0.31-a0-968-g24f9ace8b5 (webtiles) character file.

Game seed: 11596178068046016213

16 Xavori the Trooper (level 2, 0/25 HPs)
             Began as a Djinni Chaos Knight on Oct 27, 2023.
             Was a Plaything of Xom.
             Slain by a quokka (3 damage)
             ... on level 1 of the Dungeon.
             The game lasted 00:00:20 (324 turns).

Xavori the Trooper (Djinni Chaos Knight)             Turns: 324, Time: 00:00:21

Health: 0/25       AC:  5    Str: 11    XL:     2   Next: 70%
Gold:   0          EV: 11    Int: 13    God:    Xom [..*...] SH:  0 Dex: 12

rFire   + + .        a - +0 falchion (chaos)
rCold   x . .        (no shield)
rNeg    . . .        b - +2 leather armour
rPois   ∞            (no helmet)
rElec   .            (no cloak)
rCorr   .            (no gloves)
SInv    .            (boots unavailable)
Will    .....        (no amulet)
Stlth   +            (no ring)
HPRegen 0.24/turn    (no ring)
MPRegen 0.00/turn

%: infuse magic (-1 HP)
@: flying
A: sickness immunity, fire resistance 2, cold vulnerability 1, float, innate
caster, HP casting, extra vitality 1
a: Renounce Religion


You were on level 1 of the Dungeon.
You worshipped Xom.
You were a toy of Xom.
You visited 1 branch of the dungeon, and saw 1 of its levels.

Inventory:

Hand Weapons
 a - a +0 falchion of chaos (weapon)
Armour
 b - a +2 leather armour (worn)
Scrolls
 c - a scroll of butterflies
 d - a scroll of enchant armour {unknown}
Potions
 e - 2 potions of degeneration {unknown}


   Skills:
 + Level 3.1 Fighting
 + Level 2.8 Long Blades
 + Level 1.2 Armour
 + Level 2.3 Dodging
 * Level 0.4 Spellcasting
 * Level 0.4 Conjurations
 * Level 0.4 Hexes
   Level 0.0 Charms
 * Level 0.4 Summonings
 * Level 0.4 Necromancy
 * Level 0.4 Translocations
 * Level 0.4 Transmutations
 * Level 0.4 Fire Magic
 * Level 0.4 Ice Magic
 * Level 0.4 Air Magic
 * Level 0.4 Earth Magic
 * Level 0.4 Poison Magic You didn't know any spells. Your spell library was empty.

Dungeon Overview and Level Annotations

Branches:
Dungeon (1/15)

Altars:


Innate Abilities, Weirdness & Mutations

You are immune to sickness and miasma.
You are immune to poison.
Your flesh is very heat resistant. (rF++)
You are vulnerable to cold. (rC-)
You float through the air rather than walking.
You learn spells naturally, not from books.
Your magical power is your life essence.
You have superior vitality. (+4 MHP)


Message History

The quokka bites you but does no damage.
The endoplasm freezes you.
You are frozen.
You feel a terrible chill!
Xom roars with laughter!
* * * LOW HITPOINT WARNING * * *
The rat bites you.
* * * LOW HITPOINT WARNING * * *
The hobgoblin shouts!
The rat attacks as it pursues you! The rat bites you.
* * * LOW HITPOINT WARNING * * *
The quokka is engulfed in seething chaos. x2
The quokka seems to slow down.
The quokka bites you.
* * * LOW HITPOINT WARNING * * *
You kill the endoplasm!
The quokka is no longer moving slowly.
The quokka is engulfed in seething chaos.
The rat is engulfed in seething chaos.
The rat seems to slow down.
The quokka is engulfed in seething chaos.
The quokka attacks as it pursues you!
The quokka bites you but does no damage.
The quokka is engulfed in seething chaos.
The quokka suddenly seems more agile.
You miss the quokka.
The quokka is engulfed in seething chaos.
The quokka closely misses you.
The rat is engulfed in seething chaos.
You hit the quokka.
The quokka is heavily wounded.
Xom's power almost touches on you for a moment.
Your leather armour briefly grows fur, then returns to normal.
The quokka is engulfed in seething chaos.
The quokka bites you but does no damage.
The rat is engulfed in seething chaos.
The rat suddenly seems more agile.
The quokka is engulfed in seething chaos.
The quokka misses you.
You miss the quokka.
The quokka is heavily wounded.
The quokka is engulfed in seething chaos.
The quokka is moving more slowly.
The quokka bites you.
You die... "What!?
That's it?"

##≈≈≈§≈≈≈§§≈###.##..#.###
###≈≈§≈≈≈### #.......# #
############....######
...#............... #..
#..#...#########... #..
#..#.÷#### ####... #...
###..#.....####..'...
#....+...>...........##...
#....####@##.........##...
#.......#r##..........#...
#)......§r#####+#.....##'#
#....##g##### #.')....##.#
#.... #.....#####.....##.#
#....##.r...##...)....'..#
#........##.##.....####
#........##+##.....#
#........#.........#


You could see a quokka (agile, petrifying), a hobgoblin and a rat (strong,
agile).

Vanquished Creatures
  2 endoplasms (D:1)
  2 giant cockroaches (D:1)
  2 goblins (D:1)
  3 hobgoblins (D:1)
  A kobold (D:1)
  A bat (D:1)
  2 rats (D:1)
13 creatures vanquished.

Notes
Turn   | Place    | Note
-------+----------+-------------------------------------------
     0 | D:1      | Xavori the Djinni Chaos Knight began the quest for the Orb.
     0 | D:1      | Reached XP level 1. HP: 20/20 MP: 0/0
    71 | D:1      | Reached XP level 2. HP: 25/25 MP: 0/0
   260 | D:1      | XOM: cloud trail
   315 | D:1      | HP: 1/25 [quokka (2)]
   323 | D:1      | XOM: silly message
   324 | D:1      | Slain by a quokka

Illustrated notes

Levels and vault maps discovered:
D:1:      lightli_molten_gateway, layout_basic, minmay_pentomino_u4

Action                     || total
---------------------------++-------
  Melee: Falchion          ||    39
         Punch             ||     1
 Armour: Leather armour    ||    34
  Dodge: Dodged            ||    18

Table legend: (Time is in decaauts)
 A = Elapsed time spent in this place.
 B = Non-inter-level travel time spent in this place.
 C = Inter-level travel time spent in this place.
 D = Time resting spent in this place.
 E = Time spent auto-exploring this place.
 F = Levels seen in this place.
 G = Mean time per level.
                   A        B        C        D        E       F      G
               +--------+--------+--------+--------+--------+-----+--------+
         Total |    330 |    330 |      0 |      0 |    235 |   1 |  330.0 |
       Dungeon |    330 |    330 |      0 |      0 |    235 |   1 |  330.0 |
               +--------+--------+--------+--------+--------+-----+--------+

Top non-repeatable levels by time:
     D:1: 330 daAuts
